 Dungeon Crawl Stone Soup version 0.31-a0-198-g2ad674f65e (webtiles) character file.

Game seed: 6862782806156295115

1010 qw the Skirmisher (level 8, -2/44 HPs)
             Began as a Deep Elf Hunter on June 25, 2023.
             Was an Initiate of Okawaru.
             Slain by a gnoll
             ... wielding a +0 flail of holy wrath
             ... led by a gnoll sergeant
              (6 damage)
             ... on level 5 of the Dungeon.
             The game lasted 00:01:39 (3672 turns).

qw the Skirmisher (Deep Elf Hunter)                 Turns: 3672, Time: 00:01:40

Health: -2/44      AC: 10    Str: 10    XL:     8   Next: 1%
Magic:  9/11       EV: 10    Int: 15    God:    Okawaru [......]
Gold:   115        SH:  0    Dex: 24    Spells: 7/7 levels left

rFire   . . .        Y - +1 shortbow (heavy)
rCold   . . .        (shield currently unavailable)
rNeg    . . .        h - +0 scale mail
rPois   .            (helmet restricted)
rElec   .            f - +1 cloak
rCorr   .            (no gloves)
SInv    .            (no boots)
Will    .....        b - amulet of the acrobat
Stlth   +            m - +6 ring of dexterity
HPRegen 0.27/turn    (no ring)
MPRegen 0.12/turn

%: acrobat
@: no status effects
A: horns 1, iridescent scales 1
a: Renounce Religion


You were on level 5 of the Dungeon.
You worshipped Okawaru.
Okawaru was noncommittal.
You visited 1 branch of the dungeon, and saw 5 of its levels.
You also visited: Sewer.

You collected 263 gold pieces.
You spent 148 gold pieces at shops.


Innate Abilities, Weirdness & Mutations

You have a pair of small horns on your head.
You are partially covered in iridescent scales. (AC +2)


   Skills:
 + Level 2.1 Fighting
 - Level 12.0 Ranged Weapons
 - Level 1.0 Armour
 - Level 4.0 Dodging
 - Level 1.2 Stealth
 - Level 1.6 Invocations


You had 7 spell levels left.
You didn't know any spells.
Your spell library was empty.

Inventory:

Hand Weapons
 Y - a +1 heavy shortbow (weapon)
Armour
 c - the +1 robe "Winkir" {Will+ Dex+3}
   (You bought it in a shop on level 5 of the Dungeon)

   Dex:       It affects your dexterity (+3).
   Will:      It increases your willpower.
 e - a +0 pair of boots
 f - a +1 cloak (worn)
 h - a +0 scale mail (worn)
 n - a scarf of harm
Jewellery
 b - an amulet of the acrobat (around neck)
 m - a +6 ring of dexterity (left hand)
Scrolls
 l - a scroll of identify
Potions
 a - a potion of resistance
 d - 2 potions of mutation
 g - a potion of magic {unknown}
 i - a potion of cancellation
 j - a potion of might
 k - a potion of brilliance {unknown}

Dungeon Overview and Level Annotations

Branches:
Dungeon (5/15)             Temple (0/1) D:5           Sewer (visited)

Altars:
Cheibriados
Okawaru
Qazlal
Sif Muna
Zin

Shops:
D:5 [


Message History

The gnoll barely misses you. The white imp gestures at you.
The puff of frost misses you.
The gnoll hits you with a +0 flail of holy wrath.
You shoot an arrow. The arrow barely misses the gnoll.
The white imp gestures at you. The puff of frost misses you.
The gnoll barely misses you. The gnoll misses you.
You shoot an arrow. The arrow hits the gnoll!
You kill the gnoll!
Okawaru accepts your kill. The gnoll closely misses you.
The white imp gestures at you. The puff of frost hits you.
Your base Ranged Weapons skill increases to level 12!
You have reached level 8!
You feel clever.
You shoot an arrow. The arrow hits the white imp!
The white imp is severely wounded.
The gnoll closely misses you. The white imp misses you. The gnoll misses you.
The white imp hits you. The white imp freezes you.
You shoot an arrow. The arrow barely misses the white imp.
The gnoll hits you with a +0 flail of holy wrath.
The white imp closely misses you.
You shoot an arrow. The arrow barely misses the white imp.
The gnoll barely misses you. The white imp closely misses you.
You shoot an arrow. The arrow barely misses the white imp.
The gnoll misses you. The white imp barely misses you.
The gnoll barely misses you. The white imp closely misses you.
You shoot an arrow. The arrow hits the white imp!!
You kill the white imp!
Okawaru accepts your kill. The gnoll closely misses you.
You shoot an arrow. The arrow closely misses the gnoll.
The gnoll hits you but does no damage.
You shoot an arrow. The arrow hits the gnoll.
The gnoll is lightly wounded.
The gnoll closely misses you. The gnoll misses you.
You shoot an arrow. The arrow barely misses the gnoll.
You feel like a meek peon again.
The gnoll hits you with a +0 flail of holy wrath.
You die...

##.....# #.
######...#### ..
#........######## ##
#...###.......... #
##########.#########
.
.........#.########
.
.........#.........
.
..............###..
. ......g@.####.# .
....?..).# ...
.....)...# #.#
.......... ...
.........#. .##
.).......#.. #
...####### .. ...
..#


You could see a gnoll.

Vanquished Creatures
  Grinder (D:4)
  Pargi (Sewer)
  A black bear (D:3)
  A gnoll sergeant (D:5)
  A jelly (D:4)
  2 hounds
  3 orc wizards
  A sleepcap (D:5)
  Natasha (thrice) (D:4)
  An iguana (D:5)
  Robin (D:4)
  8 gnolls
  6 adders
  A white imp (D:5)
  An ufetubus (D:5)
  3 worms
  A dart slug (D:1)
  8 orcs
  5 ball pythons
  8 bats
  8 endoplasms
  6 giant cockroaches
  12 goblins
  10 hobgoblins
  5 jackals (D:1)
  8 kobolds
  5 quokkas
  8 frilled lizards
  8 rats
127 creatures vanquished.

Notes
Turn   | Place    | Note
-------+----------+-------------------------------------------
     0 | D:1      | qw the Deep Elf Hunter began the quest for the Orb.
     0 | D:1      | Reached XP level 1. HP: 12/12 MP: 3/3
     0 | D:1      | 0 ||| qw: Version: 0.3-a-22-g0ed2b0b
     0 | D:1      | 0 ||| qw: Game counter: 5340
     0 | D:1      | 0 ||| qw: Melee chars always use a shield: true
     0 | D:1      | 0 ||| qw: God list: Okawaru
     0 | D:1      | 0 ||| qw: Allow faded altars: false
     0 | D:1      | 0 ||| qw: Do Orc after clearing Dungeon:15 true
     0 | D:1      | 0 ||| qw: Do second Lair branch before Depths: true
     0 | D:1      | 0 ||| qw: Lair rune preference: random
     0 | D:1      | 0 ||| qw: Goals: Normal
     0 | D:1      | 0 ||| PLANNING D:1-11
    71 | D:1      | Reached XP level 2. HP: 16/16 MP: 4/4
    78 | D:1      | Reached skill level 6 in Ranged Weapons
   473 | D:1      | Reached XP level 3. HP: 20/20 MP: 5/5
   482 | D:1      | 482 ||| READING scroll labelled LIANATR ZAOCW.
   483 | D:1      | 483 ||| READING scroll labelled UNIUZX HIRIAT.
   484 | D:1      | 484 ||| READING scroll labelled CACLAX YTTOGE.
   485 | D:1      | 485 ||| READING scroll labelled QIBRI LISUXUNYSO.
   486 | D:1      | 486 ||| READING scroll labelled SAIMEN ZYITWEY.
   487 | D:1      | 487 ||| DRINKING 3 metallic cyan potions.
   488 | D:1      | 488 ||| DROPPING scroll of butterflies.
   489 | D:1      | 489 ||| DROPPING 2 potions of degeneration.
   637 | D:2      | Reached skill level 7 in Ranged Weapons
   767 | D:2      | Identified the +7 hand axe of Raumoihea {elec, rN+ Will+
                  | Str+4 Stlth+}
   845 | D:2      | Found a stormy altar of Qazlal.
  1016 | D:2      | Reached XP level 4. HP: 25/25 MP: 6/6
  1325 | D:2      | 1325 ||| UPGRADING to +1 cloak.
  1330 | D:2      | 1330 ||| DROPPING scarf of invisibility.
  1331 | D:2      | 1331 ||| READING scroll labelled XEIKIO POME.
  1332 | D:2      | 1332 ||| READING scroll labelled HOATTA ZULOPU.
  1333 | D:2      | 1333 ||| DRINKING 2 sedimented golden potions.
  1333 | D:2      | Gained mutation: You have a pair of small horns on your
                  | head. [potion of mutation]
  1333 | D:2      | Gained mutation: You are partially covered in iridescent
                  | scales. (AC +2) [potion of mutation]
  1393 | D:3      | Found a snail-covered altar of Cheibriados.
  1416 | D:3      | Found a faded altar of an unknown god.
  1602 | D:3      | Found a glowing silver altar of Zin.
  1602 | D:3      | Noticed an angel
  1658 | D:3      | Reached skill level 8 in Ranged Weapons
  1926 | D:3      | Found an iron altar of Okawaru.
  1927 | D:3      | 1927 ||| PLANNING OKAWARU WORSHIP
  1927 | D:3      | 1927 ||| UPGRADING to +0 scale mail.
  1937 | D:3      | 1937 ||| DROPPING +0 leather armour.
  1938 | D:3      | 1938 ||| UPGRADING to amulet of the acrobat.
  1943 | D:3      | 1943 ||| UPGRADING to +6 ring of dexterity.
  1944 | D:3      | 1944 ||| READING scroll labelled PUTIRU RIDECH.
  1949 | D:3      | Became a worshipper of Warmaster Okawaru
  1950 | D:3      | 1950 ||| PLANNING D:1-11
  1982 | D:3      | Reached XP level 5. HP: 9/29 MP: 7/7
  2178 | D:3      | Noticed a black bear
  2183 | D:3      | Killed a black bear
  2184 | D:3      | Reached skill level 9 in Ranged Weapons
  2250 | D:3      | 2250 ||| READING 2 scrolls of identify.
  2250 | D:3      | 2250 ||| IDENTIFYING viscous green potion
  2291 | D:4      | 2291 ||| PLANNING SEWER
  2293 | D:4      | 2293 ||| STAIRDANCE
  2333 | D:4      | Reached XP level 6. HP: 29/34 MP: 8/8
  2335 | D:4      | Reached skill level 1 in Armour
  2539 | D:4      | Noticed Robin
  2544 | D:4      | Noticed Natasha
  2545 | D:4      | 2545 ||| Stepping ~*~*~tactically~*~*~ (outnumbered).
  2550 | D:4      | Killed Robin
  2554 | D:4      | Noticed Grinder
  2559 | D:4      | Killed Natasha
  2566 | D:4      | Paralysed by Grinder for 3 turns
  2578 | D:4      | Killed Grinder
  2578 | D:4      | Reached * piety under Okawaru
  2579 | D:4      | Reached skill level 10 in Ranged Weapons
  2579 | D:4      | Reached XP level 7. HP: 22/40 MP: 9/9
  2705 | D:4      | Found a glowing drain.
  2710 | D:4      | Noticed Natasha
  2711 | D:4      | 2711 ||| INVOKING Heroism.
  2712 | D:4      | Killed Natasha
  2732 | Sewer    | Entered a sewer
  2755 | Sewer    | 2755 ||| Stepping ~*~*~tactically~*~*~ (water).
  2769 | Sewer    | Noticed Pargi
  2779 | Sewer    | 2779 ||| INVOKING Heroism.
  2785 | Sewer    | Killed Pargi
  2893 | Sewer    | 2893 ||| Stepping ~*~*~tactically~*~*~ (water).
  2895 | Sewer    | Reached skill level 1 in Invocations
  2970 | Sewer    | 2970 ||| DRINKING 2 fuming cyan potions.
  2971 | Sewer    | 2971 ||| DRINKING 2 metallic puce potions.
  2972 | Sewer    | 2972 ||| DRINKING 2 metallic coppery potions.
  2973 | Sewer    | 2973 ||| DROPPING potion of attraction.
  2978 | D:4      | 2978 ||| PLANNING D:1-11
  2979 | D:4      | 2979 ||| Stepping ~*~*~tactically~*~*~ (water).
  2983 | D:4      | 2983 ||| Stepping ~*~*~tactically~*~*~ (water).
  3053 | D:4      | Reached skill level 11 in Ranged Weapons
  3094 | D:4      | 3094 ||| INVOKING Heroism.
  3194 | D:4      | Noticed Natasha
  3195 | D:4      | 3195 ||| INVOKING Heroism.
  3196 | D:4      | Killed Natasha
  3415 | D:4      | 3415 ||| DROPPING +0 robe of willpower.
  3467 | D:5      | Entered Level 5 of the Dungeon
  3467 | D:5      | Found a staircase to the Ecumenical Temple.
  3491 | D:5      | Found Uneifup's Antique Armour Emporium.
  3499 | D:5      | 3499 ||| SHOPLISTING +3 robe of Clouds {*Thunder rCloud
                  | rElec} (772 gold, have 233).
  3499 | D:5      | 3499 ||| BUYING brightly glowing robe (148 gold).
  3499 | D:5      | Bought a brightly glowing robe for 148 gold pieces
  3499 | D:5      | Identified the +1 robe "Winkir" {Will+ Dex+3} (You bought
                  | it in a shop on level 5 of the Dungeon)
  3499 | D:5      | 3499 ||| SHOPLISTING embroidered robe (96 gold, have 85).
  3499 | D:5      | 3499 ||| SHOPLISTING fine ring mail (234 gold, have 85).
  3499 | D:5      | 3499 ||| SHOPLISTING runed ring mail (182 gold, have 85).
  3499 | D:5      | 3499 ||| SHOPLISTING shiny scale mail (182 gold, have 85).
  3499 | D:5      | 3499 ||| SHOPLISTING transparent leather armour (182 gold,
                  | have 85).
  3536 | D:5      | Found a shimmering blue altar of Sif Muna.
  3662 | D:5      | 3662 ||| INVOKING Heroism.
  3664 | D:5      | HP: 9/40 [white imp/puff of frost (4)]
  3665 | D:5      | Reached skill level 12 in Ranged Weapons
  3665 | D:5      | Reached XP level 8. HP: 10/44 MP: 8/11
  3666 | D:5      | HP: 2/44 [gnoll/+0 flail of holy wrath[a gnoll sergeant]
                  | (3)]
  3672 | D:5      | Slain by a gnoll

Levels and vault maps discovered:
D:1:      nzn_arrival_depleted_hourglass, layout_rooms
D:2:      layout_loops_corners, basic_altar, serial_bayou_pond_a
D:3:      layout_loops_cross, mainiacjoe_overflow_cross_hatched, zin_angel,
          marbit_many_paths, shapermc_ecumenical_altar_gd,
          minmay_misc_feat_secret_circle
D:4:      layout_loops_ring, cheibrodos_sewer_entry_drain, uniq_robin,
          uniq_natasha, uniq_grinder
D:5:      layout_rooms, nicolae_sif_muna_condensation,
          grunt_temple_overflow_open, elyvilon_altar_4,
          minmay_temple_entry_junction, serial_shops, shop

Skill      XL: |  1  2  3  4  5  6  7 |
---------------+----------------------+-----
Ranged Weapons | 6 7 8 9 10 12 | 12.0
Armour         | 1 |  1.0
Fighting       | 2 |  2.1
Dodging        | 4 |  4.0
Invocations    | 1 |  1.6
Stealth        | |  1.2

Action                     |  1- 3 |  4- 6 |  7- 9 || total
---------------------------+-------+-------+-------++-------
   Fire: Shortbow          |   122 |   156 |    86 ||   364
 Invoke: Heroism           |       |       |     5 ||     5
    Use: Scroll            |     5 |     4 |       ||     9
         Potion            |     1 |     1 |     3 ||     5
 Armour: Leather armour    |     8 |     6 |       ||    14
         Scale mail        |       |    73 |    42 ||   115
  Dodge: Dodged            |    26 |    46 |    54 ||   126

Table legend:
 A = Non-vault XP
 B = Vault XP
 C = Vault XP percentage of total XP
 D = Non-vault monster count
 E = Vault monster count
 F = Vault count percentage of total count
                 A         B        C        D         E       F
            +---------+---------+-------+---------+---------+-------
      Total |     941 |     503 |  34.8 |     104 |      23 |  18.1
            +---------+---------+-------+---------+---------+-------
        D:1 |      41 |       0 |   0.0 |      23 |       0 |   0.0
        D:2 |      59 |       0 |   0.0 |      20 |       0 |   0.0
        D:3 |     264 |       2 |   0.8 |      22 |       1 |   4.3
        D:4 |     288 |     344 |  54.4 |      27 |      17 |  38.6
        D:5 |     289 |       0 |   0.0 |      12 |       0 |   0.0
      Sewer |       0 |     157 | 100.0 |       0 |       5 | 100.0
            +---------+---------+-------+---------+---------+-------
